[Event "ICC tourney 2545 (5 3)"]
[Site "Internet Chess Club"]
[Date "2021.04.11"]
[Round "1"]
[White "Pi-Squared"]
[Black "Chaos23"]
[Result "0-1"]
[ICCResult "White checkmated"]
[WhiteElo "1428"]
[BlackElo "1882"]
[Opening "Van't Kruijs opening"]
[ECO "A00"]
[Time "14:05:42"]
[TimeControl "300+3"]

1. e3 g6 2. Nc3 Bg7 3. b3 e5 4. Bb2 d5 5. Qb1 Ne7 6. Qd1 O-O 7. Nf3 d4 8.
Ne4 h6 9. Bc4 a6 10. O-O b5 11. Bd3 f5 12. exd4 fxe4 13. Bxe4 Ra7 14. dxe5
c5 15. Rb1 Bf5 16. Qe2 Bxe4 17. Qxe4 Qd5 18. Rfe1 Nbc6 19. e6 Bxb2 20. Rxb2
Rf6 21. c4 Qxe4 22. Rxe4 Nf5 23. d3 Re7 24. Rbe2 Nfd4 25. Nxd4 Nxd4 26. R2e3
Rfxe6 27. Rxe6 Rxe6 28. Rxe6 Nxe6 29. f3 Kf7 30. Kf2 Kf6 31. Ke3 Ke5 32. g3
g5 33. a3 Nd4 34. f4+ gxf4+ 35. gxf4+ Ke6 36. cxb5 Nxb5 37. b4 Nxa3 38. bxc5
Kd5 39. f5 Kxc5 40. f6 Kd6 41. Kf4 Ke6 42. Kg4 Nb5 43. Kh5 Kxf6 44. Kxh6 a5
45. Kh7 a4 46. Kg8 a3 47. h4 a2 48. h5 a1=Q 49. h6 Qa8+ 50. Kh7 Kf7 51. d4
Qg8# {White checkmated} 0-1

[Event "ICC tourney 2545 (5 3)"]
[Site "Internet Chess Club"]
[Date "2021.04.11"]
[Round "1"]
[White "GrandTurk"]
[Black "Toya"]
[Result "1-0"]
[ICCResult "Black resigns"]
[WhiteElo "1696"]
[BlackElo "1379"]
[Opening "Queen's bishop game"]
[ECO "D02"]
[NIC "QP.06"]
[Time "14:04:45"]
[TimeControl "300+3"]

1. d4 Nf6 2. Nf3 d5 3. Bf4 e6 4. e3 c5 5. c3 Nc6 6. Nbd2 Bd6 7. Bg3 cxd4 8.
exd4 O-O 9. Bd3 h6 10. O-O Nh7 11. Re1 f5 12. Bxd6 Qxd6 13. Ne5 Nxe5 14.
Rxe5 f4 15. Qg4 a6 16. Rae1 Rf6 17. Nf3 Bd7 18. Qh4 Nf8 19. h3 Ng6 20. Bxg6
Rxg6 21. Qxf4 Rf8 22. Qe3 b5 23. a3 a5 24. Qd3 Rgf6 25. R5e3 b4 26. axb4
axb4 27. cxb4 Qxb4 28. Qc3 Qb6 29. Ne5 Bc8 30. Rf3 Rxf3 31. Nxf3 Ba6 32. Qc5
Qxb2 33. Rxe6 Qb1+ 34. Kh2 Qf5 35. Rxa6 Qf4+ 36. Kg1 Qf5 37. Rd6 Qb1+ 38.
Kh2 Kh8 39. Rxh6+ gxh6 40. Qxf8+ Kh7 41. Qf7+ Kh8 42. Ne5 h5 43. Ng6+ Qxg6
44. Qxg6 h4 45. Qh5+ {Black resigns} 1-0

[Event "ICC tourney 2545 (5 3)"]
[Site "Internet Chess Club"]
[Date "2021.04.11"]
[Round "1"]
[White "fertigto"]
[Black "Rickyb"]
[Result "0-1"]
[ICCResult "White forfeits on time"]
[WhiteElo "1544"]
[BlackElo "2228"]
[Opening "Sicilian: Canal-Sokolsky attack, 3...Bd7"]
[ECO "B52"]
[NIC "SI.01"]
[Time "14:05:42"]
[TimeControl "300+3"]

1. e4 c5 2. Nf3 d6 3. Bb5+ Bd7 4. Bxd7+ Qxd7 5. O-O Nf6 6. Re1 Nc6 7. d3 e6
8. Nc3 Be7 9. Bf4 O-O 10. Qd2 a6 11. a3 Rac8 12. a4 Nd4 13. Nxd4 cxd4 14.
Ne2 e5 15. Bg3 Qc6 16. c4 dxc3 17. bxc3 Bd8 18. c4 Bb6 19. a5 Bc5 20. Bh4
Nd7 21. Nc3 Bd4 22. Ra2 f6 23. Nd5 Rf7 24. Kh1 Nc5 25. Rb1 Kh8 26. f4 exf4
27. Qxf4 Nxd3 28. Qd2 Qxc4 29. Nb6 Bxb6 30. axb6 Nc1 {White forfeits on
time} 0-1

[Event "ICC tourney 2545 (5 3)"]
[Site "Internet Chess Club"]
[Date "2021.04.11"]
[Round "1"]
[White "DumbartonOaks"]
[Black "ehkopean"]
[Result "0-1"]
[ICCResult "White forfeits on time"]
[WhiteElo "1293"]
[BlackElo "1585"]
[Opening "QGD Slav: 4.Nc3"]
[ECO "D15"]
[NIC "SL.03"]
[Time "14:04:46"]
[TimeControl "300+3"]

1. d4 d5 2. c4 c6 3. Nc3 Nf6 4. Nf3 a6 5. cxd5 cxd5 6. g3 g6 7. Bg2 Bg7 8.
O-O O-O 9. Re1 Re8 10. h3 Nc6 11. Ne5 Be6 12. Bg5 Nd7 13. Nxc6 bxc6 14. Qd2
Qb6 15. e3 Rab8 16. Rab1 Qa5 17. b3 c5 18. Red1 cxd4 19. exd4 h6 20. Be3
Rec8 21. Na4 Qxd2 22. Rxd2 Bf5 23. Rbd1 e6 24. Nc5 Nxc5 25. dxc5 g5 26. Bd4
Bxd4 27. Rxd4 Rxc5 28. Ra4 Rb6 29. g4 Bg6 30. Kh2 Rc2 31. Kg3 Rc5 32. Bf1 a5
33. Rd2 Rbc6 34. Rb2 Rc3+ 35. Kg2 Be4+ 36. Kh2 Rc2 37. Rxc2 Rxc2 38. Kg3 Rc5
39. f3 Bb1 40. Ba6 Kg7 41. a3 Bc2 42. Rd4 Bxb3 43. h4 gxh4+ 44. Kxh4 Rc3 45.
f4 Bc4 46. Bxc4 Rxc4 47. Rd3 f6 48. Kg3 Kg6 49. Rb3 Ra4 50. Kf3 h5
{White forfeits on time}
0-1

[Event "ICC tourney 2545 (5 3)"]
[Site "Internet Chess Club"]
[Date "2021.04.11"]
[Round "1"]
[White "ethansun188"]
[Black "TZinke"]
[Result "0-1"]
[ICCResult "White resigns"]
[WhiteElo "1106"]
[BlackElo "1440"]
[Opening "Réti: King's Indian attack"]
[ECO "A00"]
[NIC "VO.09"]
[Time "14:04:45"]
[TimeControl "300+3"]

1. g3 d5 2. Bg2 c5 3. Nf3 Nc6 4. d4 e6 5. O-O b6 6. dxc5 bxc5 7. c4 Nf6 8.
cxd5 exd5 9. Re1 Bd6 10. Nc3 Bb8 11. e4 d4 12. Nd5 O-O 13. Nxf6+ Qxf6 14. e5
Qd8 15. Nxd4 Nxd4 16. Bxa8 Bh3 17. Bg2 Bxg2 18. Kxg2 Qd5+ 19. Kg1 Nf3+ 20.
Kf1 Nxh2+ 21. Kg1 Nf3+ 22. Kf1 Qc6 23. Re3 Nxe5 24. b3 Qh1+ 25. Ke2 Qh5+ 26.
Ke1 Ng4 27. Re7 Be5 28. Rb1 Bc3+ 29. Bd2 Qg5 30. Re2 Rd8 31. Qc2 Bxd2+ 32.
Rxd2 Re8+ 33. Kf1 Qh5 34. Kg2 Qh2+ 35. Kf3 Ne5+ 36. Ke3 Qh6+ 37. f4 Nc4+ 38.
Kf3 Qh5+ 39. Kg2 Ne3+ 40. Kf2 Nxc2 41. Rxc2 Qh2+ {White resigns} 0-1

[Event "ICC tourney 2545 (5 3)"]
[Site "Internet Chess Club"]
[Date "2021.04.11"]
[Round "1"]
[White "GYMEJR"]
[Black "joey0926"]
[Result "0-1"]
[ICCResult "White forfeits on time"]
[WhiteElo "1520"]
[BlackElo "1422"]
[Opening "Ruy Lopez: old Steinitz defense"]
[ECO "C62"]
[NIC "RL.02"]
[Time "14:05:50"]
[TimeControl "300+3"]

1. e4 e5 2. Nf3 Nc6 3. Bb5 d6 4. d4 exd4 5. Nxd4 Bd7 6. c4 Nxd4 7. Qxd4 Bxb5
8. cxb5 Qf6 9. Be3 Be7 10. Nc3 b6 11. Qd5 Rd8 12. Qc6+ Rd7 13. O-O Qe6 14.
f4 Nf6 15. f5 Qe5 16. Rad1 Ng4 17. Bf4 Qc5+ 18. Qxc5 bxc5 19. h3 Ne5 20.
Bxe5 dxe5 21. Rxd7 Kxd7 22. Rd1+ Bd6 23. b3 Rb8 24. Kf2 c6 25. bxc6+ Kxc6
26. Ke2 Rb4 27. Rd5 c4 28. bxc4 Rxc4 29. Kd3 Rb4 30. Kc2 f6 31. g4 g6 32.
Ra5 Kb6 33. Rd5 Kc6 34. Ra5 Bc5 35. a3 Rc4 36. Kb3 Rd4 37. Ra6+ Bb6 38. Ra4
Rd3 39. Kc4 Rxh3 {White forfeits on time} 0-1

[Event "ICC tourney 2545 (5 3)"]
[Site "Internet Chess Club"]
[Date "2021.04.11"]
[Round "1"]
[White "EVMIGR"]
[Black "minerva75"]
[Result "0-1"]
[ICCResult "White checkmated"]
[WhiteElo "1372"]
[BlackElo "1691"]
[Opening "Sicilian: Kan, 5.Nc3"]
[ECO "B43"]
[NIC "SI.41"]
[Time "14:07:02"]
[TimeControl "300+3"]

1. e4 c5 2. Nf3 e6 3. d4 cxd4 4. Nxd4 a6 5. Nc3 Qc7 6. g3 Nf6 7. Bg2 d6 8.
O-O Be7 9. Nce2 Bd7 10. b3 Nc6 11. c4 O-O 12. Bb2 Rfe8 13. Kh1 Rad8 14. f4
Bf8 15. Nxc6 Bxc6 16. Bxf6 gxf6 17. Nd4 Kh8 18. Qh5 Bg7 19. Rad1 Rg8 20.
Rfe1 Rdf8 21. Bh3 f5 22. Bg2 fxe4 23. Bxe4 Bxe4+ 24. Rxe4 Bxd4 25. Rexd4 Rd8
26. Qh4 Rg6 27. b4 Kg7 28. Qh3 f5 29. Qg2 Kf7 30. Qe2 Qc6+ 31. Kg1 Kg7 32.
c5 d5 33. Qe5+ Kf7 34. Re1 h5 35. a4 h4 36. Kf2 hxg3+ 37. hxg3 Rdg8 38. Re3
Rh6 39. b5 axb5 40. axb5 Qxc5 41. Rdd3 Qc2+ 42. Kf3 Rhg6 43. g4 fxg4+ 44.
Kg3 Rh6 45. f5 Qh2# {White checkmated} 0-1

[Event "ICC tourney 2545 (5 3)"]
[Site "Internet Chess Club"]
[Date "2021.04.11"]
[Round "1"]
[White "CPS1218"]
[Black "Onandov"]
[Result "0-1"]
[ICCResult "White checkmated"]
[WhiteElo "1334"]
[BlackElo "1647"]
[Opening "English: symmetrical variation"]
[ECO "A30"]
[NIC "EO.64"]
[Time "14:05:05"]
[TimeControl "300+3"]

1. c4 c5 2. g3 g6 3. Bg2 Bg7 4. e4 Nc6 5. Ne2 d6 6. Nbc3 Nf6 7. O-O O-O 8.
d3 Ne8 9. f4 Nc7 10. f5 Rb8 11. a4 a6 12. g4 b5 13. axb5 axb5 14. cxb5 Nxb5
15. Be3 Bd7 16. Qd2 Ncd4 17. Nd5 Nb3 18. Qc2 Nxa1 19. Rxa1 Nd4 20. Nxd4 Bxd4
21. Bxd4 cxd4 22. Qf2 Bc6 23. Qxd4 Bxd5 24. Qxd5 Qb6+ 25. Kh1 Qxb2 26. Rd1
Qe5 27. Qxe5 dxe5 28. h3 Rb2 29. Kh2 Rc8 30. Kg3 Rcc2 31. Bf3 Rd2 32. Rc1
Rxd3 33. Rf1 Kg7 34. h4 h6 35. g5 hxg5 36. hxg5 Rbb3 37. Kg4 Re3 38. Rf2 Rb4
39. fxg6 Kxg6 40. Kh4 Rbxe4+ 41. Bxe4+ Rxe4+ 42. Kg3 Rd4 43. Re2 Kxg5 44.
Rxe5+ Kf6 45. Re3 e5 46. Kf3 Ke6 47. Kf2 f5 48. Kf1 f4 49. Re2 Kf5 50. Kf2
Ra4 51. Rb2 Ra3 52. Rc2 Kg4 53. Kg2 e4 54. Kf2 f3 55. Rb2 e3+ 56. Kg1 Kg3
57. Rb1 Rd3 58. Rf1 e2 59. Ra1 Rd1+ 60. Rxd1 exd1=Q# {White checkmated} 0-1

[Event "ICC tourney 2545 (5 3)"]
[Site "Internet Chess Club"]
[Date "2021.04.11"]
[Round "1"]
[White "justinchess"]
[Black "Hunab"]
[Result "1-0"]
[ICCResult "Black resigns"]
[WhiteElo "2112"]
[BlackElo "1505"]
[Opening "Scandinavian (center counter) defense"]
[ECO "B01"]
[NIC "VO.17"]
[Time "14:05:42"]
[TimeControl "300+3"]

1. e4 d5 2. exd5 Qxd5 3. Nf3 Bg4 4. Be2 Nc6 5. h3 Bh5 6. d4 O-O-O 7. O-O e5
8. dxe5 Qxd1 9. Rxd1 Rxd1+ 10. Bxd1 Bxf3 11. Bxf3 Nxe5 12. Be2 Bc5 13. Nc3
Nf6 14. Bg5 Bb4 15. Bxf6 Bxc3 16. Bxg7 Bxb2 17. Rb1 Rg8 18. Bf6 Rg6 19. Bh8
Bd4 20. Kf1 f6 21. Rd1 Bc5 22. f4 Nd7 23. Bg4 Bd6 24. c4 Kd8 25. Bxd7 Kxd7
26. c5 Ke6 27. cxd6 cxd6 28. g4 Rg8 29. f5+ Ke7 30. Bxf6+ Kxf6 31. Rxd6+ Ke7
32. Rh6 Rh8 33. g5 Kf7 34. Kf2 Kg7 35. f6+ Kf7 36. h4 b5 37. Ke3 a5 38. Kd4
Rc8 39. Rxh7+ Kg6 40. Rg7+ Kh5 41. f7 Rf8 42. g6 {Black resigns} 1-0

[Event "ICC tourney 2545 (5 3)"]
[Site "Internet Chess Club"]
[Date "2021.04.11"]
[Round "1"]
[White "Giallorossi"]
[Black "LeonieHelm"]
[Result "1-0"]
[ICCResult "Black resigns"]
[WhiteElo "1371"]
[BlackElo "1596"]
[Opening "Benoni defense"]
[ECO "A61"]
[NIC "BI.38"]
[Time "14:05:14"]
[TimeControl "300+3"]

1. d4 Nf6 2. c4 c5 3. d5 e6 4. Nc3 exd5 5. cxd5 d6 6. Nf3 g6 7. Bf4 a6 8. a4
Bg7 9. e3 O-O 10. h3 Re8 11. Be2 Ne4 12. Nxe4 Rxe4 13. Qc2 Bf5 14. Bd3 Qe7
15. O-O Nd7 16. Bxd6 Qxd6 17. Bxe4 Bxe4 18. Qxe4 Bxb2 19. Rab1 Bg7 20. Rxb7
Nf6 21. Qe5 Qxd5 22. Qxd5 Nxd5 23. Ng5 Rf8 24. Rc1 Nc3 25. a5 Ne2+ 26. Kf1
Nxc1 27. Rb6 c4 28. Rxa6 c3 29. Rc6 Nb3 30. a6 h6 31. Ne4 f5 32. Nxc3 Bxc3
33. Rxc3 Nd2+ 34. Ke2 Ne4 35. Ra3 Ra8 36. a7 Kf7 37. Ra5 Kf6 38. f3 Nd6 39.
Ra6 Ke7 40. e4 fxe4 41. fxe4 Nxe4 42. Rxg6 Rxa7 43. Rg7+ Kf6 44. Rxa7 Kg5
45. Ra5+ Kf4 46. Ra4 Ke5 47. Kf3 Nd2+ 48. Kg4 Kf6 49. Ra6+ Kg7 50. Kf4 Nc4
51. g4 Nd2 52. h4 Nb3 53. Ke5 Nd2 54. Kf4 Nc4 55. g5 hxg5+ 56. hxg5 Nd2 57.
Kf5 Nc4 58. Ra7+ Kg8 59. Kg6 Kf8 60. Kh7 Nd6 61. g6 {Black resigns} 1-0

[Event "ICC tourney 2545 (5 3)"]
[Site "Internet Chess Club"]
[Date "2021.04.11"]
[Round "1"]
[White "MIEMBR"]
[Black "rishik99"]
[Result "1-0"]
[ICCResult "Black resigns"]
[WhiteElo "1597"]
[BlackElo "1300"]
[Opening "Queen's pawn game, Darooha variation "]
[ECO "D02"]
[NIC "QP.08"]
[Time "14:04:54"]
[TimeControl "300+3"]

1. d4 d5 2. Nf3 Nf6 3. g3 Bf5 4. Bg2 e6 5. c4 c6 6. Qb3 Qc7 7. Bf4 Qb6 8.
O-O Nbd7 9. Nc3 Bb4 10. c5 Qa5 11. a3 Bxc3 12. bxc3 O-O 13. Bd2 Ne4 14. Rfd1
Nxd2 15. Nxd2 b6 16. cxb6 Nxb6 17. e4 Bg6 18. Qb4 Qa6 19. Bf1 Qa4 20. Bg2
Rab8 21. Qd6 Rfd8 22. Qf4 Nc4 23. h4 Rb2 24. g4 h6 25. h5 Bh7 26. g5 hxg5
27. Qxg5 f6 28. Qg4 Nxd2 29. Qxe6+ Kf8 30. h6 Rb7 31. Rxd2 Re8 32. Qg4 g5
33. e5 fxe5 34. Qxg5 Rf7 35. Re2 e4 36. Bh3 Qc4 37. Re3 Qb3 38. Bg4 Qb8 39.
Bh5 Qf4 40. Qxf4 Rxf4 41. Bxe8 Kxe8 42. Rb1 Rf7 43. Rb8+ Ke7 44. Rb7+ Ke6
45. Rxf7 Kxf7 46. Rg3 Bg6 47. Kf1 Bh5 48. h7 {Black resigns} 1-0

[Event "ICC tourney 2545 (5 3)"]
[Site "Internet Chess Club"]
[Date "2021.04.11"]
[Round "1"]
[White "dcole"]
[Black "Sandeshbajaj"]
[Result "0-1"]
[ICCResult "White resigns"]
[WhiteElo "1817"]
[BlackElo "1674"]
[Opening "English: Mikenas-Carls, Flohr variation"]
[ECO "A18"]
[NIC "EO.57"]
[Time "14:05:19"]
[TimeControl "300+3"]

1. c4 Nf6 2. Nc3 e6 3. e4 d5 4. e5 Ne4 5. cxd5 Nxc3 6. dxc3 exd5 7. Bf4 Bc5
8. Nf3 O-O 9. Bd3 h6 10. h3 c6 11. O-O Be6 12. Bg3 Nd7 13. Re1 Qb6 14. Qe2
a5 15. Bc2 Rfd8 16. Rad1 a4 17. Nd4 Bxd4 18. Rxd4 Nf8 19. Rxa4 Rxa4 20. Bxa4
d4 21. cxd4 Rxd4 22. Bc2 Bxa2 23. Kh2 Rb4 24. Qd3 Rxb2 25. Re2 Bb1 26. Bxb1
Rxb1 27. Bf4 Ne6 28. Be3 Qb5 29. Qc2 Qxe5+ 30. g3 Qa1 31. Rd2 g5 32. Rd7
Rh1+ 33. Kg2 Qf1+ 34. Kf3 Qxh3 35. Rxb7 Qh5+ 36. Kg2 Qh3+ 37. Kf3 g4+ 38.
Ke4 Qg2+ 39. Ke5 Qd5+ 40. Kf6 Nd8 41. Re7 Qd6+ 42. Kf5 Qxe7 43. Kxg4 Qe6+
44. Kf3 Qd5+ 45. Ke2 Ne6 {White resigns} 0-1

[Event "ICC tourney 2545 (5 3)"]
[Site "Internet Chess Club"]
[Date "2021.04.11"]
[Round "1"]
[White "hanoon1234"]
[Black "wiiiiiieee"]
[Result "1-0"]
[ICCResult "Black checkmated"]
[WhiteElo "1785"]
[BlackElo "1396"]
[Opening "Caro-Kann: Tartakower (Nimzovich) variation"]
[ECO "B15"]
[NIC "CK.06"]
[Time "14:04:41"]
[TimeControl "300+3"]

1. e4 c6 2. d4 d5 3. Nc3 dxe4 4. Nxe4 Nf6 5. Nxf6+ exf6 6. Nf3 Bd6 7. Be2
O-O 8. Be3 Re8 9. O-O Nd7 10. c3 Nf8 11. Re1 Qc7 12. Bd3 Bg4 13. h3 Bh5 14.
Rc1 Rad8 15. Be2 f5 16. Bg5 f6 17. Bd2 Kh8 18. Qc2 f4 19. Bd1 Rxe1+ 20. Nxe1
Bg6 21. Qb3 Re8 22. Bc2 Bf7 23. c4 c5 24. d5 Re2 25. Bc3 Bg6 26. Bxg6 Nxg6
27. Nf3 Ne5 28. Bxe5 fxe5 29. Ng5 h6 30. Qd3 hxg5 31. Qxe2 Qf7 32. Qe4 g6
33. b4 b6 34. bxc5 bxc5 35. Rb1 Kg7 36. Rb5 Kf6 37. Qb1 Qd7 38. Rb7 Qa4 39.
Qb3 Qa5 40. Rd7 Qa6 41. Qb5 Qxa2 42. Rxd6+ Kf5 43. Qd7+ Ke4 44. Rxg6 Qb1+
45. Kh2 Kd4 46. Rxg5 a5 47. Qc7 a4 48. Qxe5+ Kxc4 49. d6 a3 50. Qxc5+ Kb3
51. Qd5+ Kb2 52. Qd4+ Ka2 53. d7 Qb8 54. d8=Q f3+ 55. Qxb8 fxg2 56. Qd2+ Ka1
57. Qc1+ Ka2 58. Qcb1# {Black checkmated} 1-0

[Event "ICC tourney 2545 (5 3)"]
[Site "Internet Chess Club"]
[Date "2021.04.11"]
[Round "1"]
[White "ramalingamch"]
[Black "cornfed"]
[Result "0-1"]
[ICCResult "White checkmated"]
[WhiteElo "1419"]
[BlackElo "1854"]
[Opening "Anderssen's opening"]
[ECO "A00"]
[NIC "VO.14"]
[Time "14:15:51"]
[TimeControl "300+3"]

1. a3 f5 2. h3 Nf6 3. g3 e5 4. b4 d5 5. Bb2 Bd6 6. e3 O-O 7. f3 Nh5 8. Ne2
f4 9. Rg1 fxg3 10. Nxg3 Qh4 11. Kf2 e4 12. f4 Bxf4 13. Qxh5 Bxg3+ 14. Kg2
Rf2+ 15. Kh1 Rh2# {White checkmated} 0-1

[Event "ICC tourney 2545 (5 3)"]
[Site "Internet Chess Club"]
[Date "2021.04.11"]
[Round "1"]
[White "noprisoners"]
[Black "ShapeShifter"]
[Result "0-1"]
[ICCResult "White forfeits on time"]
[WhiteElo "1277"]
[BlackElo "1557"]
[Opening "Bird's opening"]
[ECO "A02"]
[NIC "VO.07"]
[Time "14:05:17"]
[TimeControl "300+3"]

1. f4 c5 2. c3 g6 3. e3 Bg7 4. d4 cxd4 5. exd4 Nf6 6. Nf3 d6 7. Bd3 O-O 8.
O-O b6 9. Nbd2 Bb7 10. Qe1 Nbd7 11. Kh1 Re8 12. Ne4 Nxe4 13. Bxe4 Bxe4 14.
Qxe4 Nf6 15. Qe2 Qc7 16. Ng5 Qc6 17. Rf3 h6 18. Nh3 Ne4 19. f5 g5 20. Nf2
Nxf2+ 21. Qxf2 Bf6 22. Rh3 Kg7 23. Bd2 b5 24. Re1 a5 25. Qe2 Qd5 26. b3 Qxf5
27. Rf1 Qg6 28. Qxb5 Qc2 29. Qe2 Qxa2 30. Qh5 Rh8 31. Be1 Qc2 32. Qg4 Qxb3
33. Qd7 Qc2 34. Rhf3 a4 35. Rxf6 exf6 36. Qxd6 Qg6 37. Bf2 Qd3 38. Kg1 Rhd8
39. Qe7 Re8 40. Qd6 Re6 41. Qd5 Qe4 42. Qc5 a3 43. Re1 Qxe1+ 44. Bxe1 Rxe1+
45. Kf2 a2 46. Kxe1 a1=Q+ {White forfeits on time} 0-1

[Event "ICC tourney 2545 (5 3)"]
[Site "Internet Chess Club"]
[Date "2021.04.11"]
[Round "1"]
[White "Tecmo"]
[Black "ser71itmex"]
[Result "0-1"]
[ICCResult "White checkmated"]
[WhiteElo "1223"]
[BlackElo "1527"]
[Opening "Bird: From gambit, Lasker variation"]
[ECO "A02"]
[NIC "VO.07"]
[Time "14:07:02"]
[TimeControl "300+3"]

1. f4 e5 2. fxe5 d6 3. exd6 Bxd6 4. Nf3 g5 5. g3 g4 6. Nh4 Ne7 7. e4 Ng6 8.
Nf5 Bxf5 9. exf5 Ne5 10. Bg2 h5 11. d4 Nec6 12. c4 h4 13. Bf4 hxg3 14. Qxg4
Qe7+ 15. Kd1 Qf6 16. Re1+ Kf8 17. Bxd6+ Qxd6 18. d5 Rxh2 19. f6 Qxf6 20.
Qxg3 Qd4+ 21. Nd2 Rh7 22. Rb1 Nb4 23. a3 Nd3 24. Re4 Nf2+ 25. Kc2 Nxe4 26.
Bxe4 Rg7 27. Qxc7 Na6 28. Qxb7 Re8 29. Rh1 Nc5 30. Qb4 Rxe4 31. Rh8+ Rg8 32.
Qb8+ Ke7 33. Rxg8 Qd3+ 34. Kc1 Re1# {White checkmated} 0-1

[Event "ICC tourney 2545 (5 3)"]
[Site "Internet Chess Club"]
[Date "2021.04.11"]
[Round "1"]
[White "RoadToFM2007"]
[Black "Draconian"]
[Result "1-0"]
[ICCResult "Black forfeits on time"]
[WhiteElo "1680"]
[BlackElo "1834"]
[Opening "Sicilian: closed, 2...Nc6"]
[ECO "B23"]
[NIC "SI.44"]
[Time "14:04:58"]
[TimeControl "300+3"]

1. e4 c5 2. Nc3 Nc6 3. Bb5 g6 4. Bxc6 bxc6 5. d3 Bg7 6. f4 Nf6 7. Nf3 O-O 8.
O-O d6 9. Qe1 Nd7 10. f5 Ne5 11. Qh4 e6 12. Bg5 f6 13. Bh6 exf5 14. Rae1
fxe4 15. Nxe4 Bf5 16. Ng3 Be6 17. Bxg7 Kxg7 18. Qa4 Qb6 19. Kh1 Qb5 20. Qa3
Rab8 21. b3 a5 22. Ne4 Rbd8 23. Qb2 Bf5 24. Ng3 Bg4 25. Nd2 Qb4 26. Rf2 Rde8
27. Re4 Qb6 28. h3 Be6 29. Ref4 a4 30. Nde4 axb3 31. axb3 c4 32. Nxd6 Ra8
33. Nxc4 Nxc4 34. dxc4 Bxc4 35. Rxf6 Kg8 36. Rxf8+ Rxf8 37. Rxf8+ Kxf8 38.
Qf6+ Bf7 39. Qh8+ Bg8 40. Qf6+ Bf7 41. Ne4 Qe3 42. Ng5 Qe7 43. Qxf7+ Qxf7
44. Nxf7 Kxf7 45. Kg1 Ke6 46. Kf2 Kd5 47. Ke3 Kc5 48. Kd3 Kb4 49. Kd4 c5+
50. Kd5 g5 51. g4 h6 52. Kc6 c4 53. bxc4 Kxc4 54. Kd6 Kc3 55. Ke6 Kxc2 56.
Kf6 Kd3 57. Kg6 h5 58. Kxh5 Ke4 59. Kxg5 Kf3 60. h4 Kg3 61. h5
{Black forfeits on time}
1-0

[Event "ICC tourney 2545 (5 3)"]
[Site "Internet Chess Club"]
[Date "2021.04.11"]
[Round "1"]
[White "Guillermito"]
[Black "Artist2020"]
[Result "1/2-1/2"]
[ICCResult "Game drawn because neither player has mating material"]
[WhiteElo "3214"]
[BlackElo "2006"]
[Opening "Caro-Kann: exchange variation"]
[ECO "B13"]
[NIC "CK.02"]
[Time "14:05:17"]
[TimeControl "300+3"]

1. e4 c6 2. d4 d5 3. exd5 cxd5 4. Bd3 Nc6 5. c3 Nf6 6. h3 g6 7. Nf3 Bf5 8.
Be2 Bg7 9. O-O O-O 10. Be3 Re8 11. Nbd2 Ne4 12. Re1 a5 13. a4 Nxd2 14. Qxd2
h5 15. Bb5 Rc8 16. Bh6 Rf8 17. Bg5 Bf6 18. Bh6 Bg7 19. Bg5 Bf6 20. Bxf6 exf6
21. Re3 Qd7 22. Rae1 Rfe8 23. Nh2 Rxe3 24. Qxe3 Kg7 25. Nf1 Kf8 26. Ng3 Re8
27. Qxe8+ Qxe8 28. Rxe8+ Kxe8 29. Nxf5 gxf5 30. f4 Ke7 31. Be2 h4 32. Kf2
Nd8 33. g3 Ne6 34. Bd3 hxg3+ 35. Kxg3 Ng7 36. Be2 Ke6 37. h4 Ke7 38. h5 Kf8
39. Bf3 b6 40. b4 axb4 41. c4 b3 42. Bd1 b2 43. Bc2 Nxh5+ 44. Kf3 dxc4 45.
Bxf5 Ke7 46. Ke3 c3 47. Bc2 Kd6 48. Kd3 Nxf4+ 49. Kxc3 Ne2+ 50. Kxb2 Nxd4
51. Bd3 f5 52. Kc3 Kc5 53. Bc4 f6 54. Bf1 f4 55. Kd3 f5 56. Bh3 Kd5 57. Bf1
Ke5 58. Bh3 Nb3 59. Kc4 Nc5 60. Kb5 Nxa4 61. Kxa4 f3 62. Kb5 f2 63. Kxb6 Kf4
64. Kc5 Ke3 65. Kd5 f4 66. Ke5 f3 67. Kf5 Ke2 68. Kg4 f1=Q 69. Bxf1+ Kxf1
70. Kxf3 {Game drawn because neither player has mating material} 1/2-1/2

[Event "ICC tourney 2545 (5 3)"]
[Site "Internet Chess Club"]
[Date "2021.04.11"]
[Round "1"]
[White "ELGAG1"]
[Black "VDMA"]
[Result "1/2-1/2"]
[ICCResult "Game drawn by mutual agreement"]
[WhiteElo "1321"]
[BlackElo "1545"]
[Opening "QGD semi-Slav: 5...Nd7"]
[ECO "D45"]
[NIC "SL.08"]
[Time "14:06:00"]
[TimeControl "300+3"]

1. Nf3 Nf6 2. d4 d5 3. c4 e6 4. Nc3 c6 5. e3 Nbd7 6. cxd5 exd5 7. Bd3 Bd6 8.
O-O O-O 9. e4 dxe4 10. Nxe4 Nxe4 11. Bxe4 Nf6 12. Bc2 Bg4 13. h3 Bh5 14. Bg5
Re8 15. Qd3 Bg6 16. Qd2 Qc7 17. Bxf6 gxf6 18. Rfe1 Bf4 19. Rxe8+ Rxe8 20.
Qd1 Kg7 21. Bxg6 hxg6 22. Qc2 Qd7 23. Qc3 Re2 24. Re1 Qe6 25. Rxe2 Qxe2 26.
Qe1 Qxb2 27. a4 b6 28. a5 Qc1 29. axb6 axb6 30. Qxc1 Bxc1 31. Ne1 Bb2 32.
Nc2 f5 33. Nb4 c5 34. dxc5 bxc5 35. Nd3 Bd4 36. Kf1 Kf6 37. Ke2 g5 38. f3
Ke6 39. f4 f6 40. g3 Kd5 41. h4 c4 42. Ne1 gxf4 43. gxf4 Ke6 44. Nf3 Bb2 45.
Ne1 Kf7 46. Kd1 Kg6 47. Kc2 Bd4 48. Kd2 Kh5 49. Ng2 Bf2 50. Kc3 Bxh4 51. Ne3
Kg6 52. Kxc4 Bg3 53. Nd5 Bxf4 54. Nxf4+ Kg5 55. Ne2 f4 56. Ng1 Kg4 57. Kd3
f3 58. Ke3 f5 59. Nxf3 f4+ 60. Kf2 Kf5 61. Nd4+ Ke4 62. Ne2 f3 63. Ng1
{Game drawn by mutual agreement}
1/2-1/2

[Event "ICC tourney 2545 (5 3)"]
[Site "Internet Chess Club"]
[Date "2021.04.11"]
[Round "1"]
[White "JamesS"]
[Black "vassily1666"]
[Result "0-1"]
[ICCResult "White resigns"]
[WhiteElo "1368"]
[BlackElo "1680"]
[Opening "Caro-Kann: anti-anti-Caro-Kann defense"]
[ECO "B10"]
[NIC "CK.01"]
[Time "14:05:59"]
[TimeControl "300+3"]

1. e4 c6 2. c4 d5 3. cxd5 cxd5 4. exd5 Nf6 5. Nc3 g6 6. Qa4+ Bd7 7. Bb5 Bg7
8. Nf3 O-O 9. O-O a6 10. Bxd7 Nbxd7 11. Qb3 Nb6 12. d3 Nbxd5 13. Nxd5 Qxd5
14. Qb4 e6 15. Rd1 Rac8 16. Be3 Rc2 17. b3 Rfc8 18. a4 Nd7 19. Rac1 Rxc1 20.
Bxc1 Nc5 21. d4 Nxb3 22. Qxb3 Qxb3 23. Re1 Qxa4 24. Bg5 Bxd4 25. Be7 Bg7 26.
h3 b5 27. Ng5 Qf4 28. Ne4 Rc1 29. Rxc1 Qxc1+ 30. Kh2 Qf4+ 31. Ng3 Qxf2 32.
Bd6 Qd4 33. Bb8 Be5 34. Bxe5 Qxe5 35. h4 b4 36. Kh3 b3 37. Nh1 b2 38. Nf2
b1=Q 39. g3 {White resigns} 0-1

[Event "ICC tourney 2545 (5 3)"]
[Site "Internet Chess Club"]
[Date "2021.04.11"]
[Round "1"]
[White "TheGMnexttou"]
[Black "B9"]
[Result "1-0"]
[ICCResult "Black forfeits on time"]
[WhiteElo "1668"]
[BlackElo "1797"]
[Opening "Sicilian: Alapin's variation (2.c3)"]
[ECO "B22"]
[NIC "SI.46"]
[Time "14:06:02"]
[TimeControl "300+3"]

1. e4 c5 2. c3 d6 3. d4 cxd4 4. cxd4 Nf6 5. Nc3 a6 6. Nf3 e6 7. Bg5 Be7 8.
e5 dxe5 9. dxe5 Nfd7 10. Bxe7 Qxe7 11. Bc4 Nc6 12. O-O Ndxe5 13. Bb3 O-O 14.
Nxe5 Nxe5 15. Qh5 Ng6 16. Rad1 Qh4 17. Qa5 e5 18. Nd5 b5 19. Nc7 Rb8 20.
Nxa6 Ra8 21. Rd6 Bb7 22. Rd7 Bxa6 23. Rfd1 b4 24. Qc7 Rac8 25. Qb6 Bc4 26.
Qxb4 Bxb3 27. Qxb3 Qc4 28. Qxc4 Rxc4 29. b3 Rc2 30. a4 Rb2 31. Rb7 h6 32. g3
Ra8 33. Kf1 {Black forfeits on time} 1-0